 Dungeon Crawl Stone Soup version 0.29.0-4-gdea44cf6ec (webtiles) character file.

Game seed: 16269357335767690315

30 qw the Caller (level 3, 0/28 HPs)
             Began as a Ghoul Summoner on Sept 9, 2022.
             Slain by a necrophage (7 damage)
             ... on level 2 of the Dungeon.
             The game lasted 00:00:46 (2442 turns).

qw the Caller (Ghoul Summoner)                      Turns: 2442, Time: 00:00:46

Health: 0/28       AC:  2    Str: 13    XL:     3   Next: 20%
Magic:  0/4        EV: 12    Int: 10    God:
Gold:   64         SH:  0    Dex:  9    Spells: 4/5 levels left

rFire   . . .      SeeInvis .   Y - +0 spear
rCold   + . .      Faith    .   (no shield)
rNeg    + + +      Spirit   .   a - +0 robe
rPois   inf        Reflect  .   (no helmet)
rElec   .          Harm     .   (no cloak)
rCorr   .          Rampage  .   (no gloves)
Will    .....                   (no boots)
Stlth   ++........              (no amulet)
HPRegen 0.00/turn               (no ring)
MPRegen 0.09/turn               (no ring)

@: about to teleport, inhibited regen
A: claws 1, cold resistance 1, negative energy resistance 3, inhibited
regeneration, torment resistance 2, devour on kill
a: no special abilities


You were on level 2 of the Dungeon.
You visited 1 branch of the dungeon, and saw 2 of its levels.

You collected 64 gold pieces.


Innate Abilities, Weirdness & Mutations

You are immune to poison.
You have sharp fingernails.
Your flesh is cold resistant. (rC+)
You are immune to negative energy. (rN+++)
You do not regenerate when monsters are visible.
You are immune to unholy pain and torment.
You thrive by killing the living.


   Skills:
 + Level 1.5 Fighting
 - Level 2.0 Axes
 - Level 1.7 Dodging
 - Level 2.1 Stealth
 - Level 1.7 Spellcasting
 - Level 3.6 Summonings


You had 4 spell levels left.
You knew the following spells:

 Your Spells              Type           Power      Damage    Failure   Level
a - Summon Small Mammal   Summ           32%        N/A       8%          1

Your spell library contained the following spells:

 Spells                   Type           Power      Damage    Failure   Level
 Call Imp                 Summ           8%         N/A       11%         2
 Call Canine Familiar     Summ           8%         N/A       22%         3
 Summon Guardian Golem    Hex/Summ       4%         N/A       43%         3
 Summon Lightning Spire   Summ/Air       4%         N/A       83%         4

Inventory:

Hand Weapons
 Y - a +0 spear (weapon)
Armour
 a - a +0 robe (worn)
Scrolls
 b - a scroll of identify {unknown}
 i - a scroll of teleportation
Potions
 d - a potion of resistance {unknown}
 e - 2 potions of curing {unknown}
 f - a potion of berserk rage {unknown}

Dungeon Overview and Level Annotations

Branches:
Dungeon (2/15)

Altars:


Message History

The necrophage is moderately damaged.
Your bat hits the necrophage.
Your bat hits the necrophage but does no damage.
The necrophage hits you.
You hit the necrophage.
The necrophage is heavily damaged.
Your bat hits the necrophage but does no damage.
Your bat closely misses the necrophage.
The necrophage hits your bat.
Your bat dies!
Your bat's corpse disappears in a puff of smoke!
You closely miss the necrophage.
The necrophage is heavily damaged.
Your bat hits the necrophage. The necrophage hits you.
2437 ||| CASTING Summon Small Mammal
Casting: Summon Small Mammal (safe; 8% risk of failure)
Confirm with . or Enter, or press ? or * to list all spells.
Your bat hits the necrophage but does no damage.
The necrophage hits you!
You hit the necrophage.
The necrophage is severely damaged.
Your bat closely misses the necrophage.
Your rat barely misses the necrophage.
The necrophage closely misses you.
You hit the necrophage.
The necrophage is severely damaged.
Your bat closely misses the necrophage.
Your rat closely misses the necrophage.
The necrophage closely misses you.
You closely miss the necrophage.
The necrophage is severely damaged.
Your bat hits the necrophage but does no damage.
Your rat barely misses the necrophage.
The necrophage barely misses you.
You closely miss the necrophage.
The necrophage is severely damaged.
Your bat hits the necrophage.
Your rat bites the necrophage but does no damage.
The necrophage hits you.
2442 ||| READING 2 scrolls of teleportation.
As you read the scroll of teleportation, it crumbles to dust.
You feel strangely unstable.
Your bat barely misses the necrophage.
The necrophage hits you!
You die...

... ... .. ## ##### #.#
... ....# #.. .... ....#
#.## ..... ....#
#.###..#####...... ....#
#.........@.b.....
....########.####nr.....
....#.........# .......
..............# #......
....#.........## ......
....#..........# ......
....#..........# .....
....#..........# .....
....#..........#


You could see a necrophage (ally target), a friendly bat (summoned) and a
friendly rat (summoned).

Vanquished Creatures
  A dart slug (D:1)
  5 ball pythons (D:1)
  2 bats (D:1)
  3 endoplasms
  2 hobgoblins (D:1)
  A quokka (D:2)
  A frilled lizard (D:1)
15 creatures vanquished.

Vanquished Creatures (collateral kills)
  A dart slug (D:1)
  A worm (D:2)
  2 ball pythons (D:1)
  A bat (D:1)
  3 kobolds (D:1)
8 creatures vanquished.

Grand Total: 23 creatures vanquished

Notes
Turn   | Place    | Note
-------+----------+-------------------------------------------
     0 | D:1      | qw the Ghoul Summoner began the quest for the Orb.
     0 | D:1      | Reached XP level 1. HP: 14/14 MP: 2/2
     0 | D:1      | 0 ||| qw: Version: 0.1-a-113-g051387a
     0 | D:1      | 0 ||| qw: Game counter: 7095
     0 | D:1      | 0 ||| qw: Always use a shield: true
     0 | D:1      | 0 ||| qw: God list: Okawaru
     0 | D:1      | 0 ||| qw: Allow faded altars: false
     0 | D:1      | 0 ||| qw: Do Orc after D:15 true
     0 | D:1      | 0 ||| qw: Do second Lair branch before Depths: true
     0 | D:1      | 0 ||| qw: Lair rune preference: random
     0 | D:1      | 0 ||| qw: Plans: Normal
     0 | D:1      | 0 ||| PLANNING D:1-11
    69 | D:1      | 69 ||| CASTING Summon Small Mammal
    70 | D:1      | 70 ||| CASTING Summon Small Mammal
   101 | D:1      | 101 ||| CASTING Summon Small Mammal
   102 | D:1      | 102 ||| CASTING Summon Small Mammal
   127 | D:1      | 127 ||| CASTING Summon Small Mammal
   128 | D:1      | 128 ||| CASTING Summon Small Mammal
   131 | D:1      | Reached skill level 1 in Axes
   134 | D:1      | 134 ||| Stepping ~*~*~tactically~*~*~ (outnumbered).
   140 | D:1      | Reached XP level 2. HP: 22/22 MP: 1/3
   213 | D:1      | 213 ||| CASTING Summon Small Mammal
   214 | D:1      | 214 ||| CASTING Summon Small Mammal
   215 | D:1      | 215 ||| CASTING Summon Small Mammal
   225 | D:1      | 225 ||| CASTING Summon Small Mammal
   230 | D:1      | Reached skill level 1 in Fighting
   275 | D:1      | 275 ||| CASTING Summon Small Mammal
   276 | D:1      | 276 ||| CASTING Summon Small Mammal
   277 | D:1      | 277 ||| CASTING Summon Small Mammal
   334 | D:1      | 334 ||| CASTING Summon Small Mammal
   335 | D:1      | 335 ||| CASTING Summon Small Mammal
   336 | D:1      | 336 ||| CASTING Summon Small Mammal
   347 | D:1      | 347 ||| CASTING Summon Small Mammal
   530 | D:1      | 530 ||| CASTING Summon Small Mammal
   531 | D:1      | 531 ||| CASTING Summon Small Mammal
   534 | D:1      | 534 ||| CASTING Summon Small Mammal
   630 | D:1      | 630 ||| CASTING Summon Small Mammal
   631 | D:1      | 631 ||| CASTING Summon Small Mammal
   632 | D:1      | 632 ||| CASTING Summon Small Mammal
   668 | D:1      | 668 ||| CASTING Summon Small Mammal
   669 | D:1      | 669 ||| CASTING Summon Small Mammal
   670 | D:1      | 670 ||| CASTING Summon Small Mammal
   709 | D:1      | 709 ||| Wielding weapon +0 dagger.
   769 | D:1      | 769 ||| Stepping ~*~*~tactically~*~*~ (hiding).
   871 | D:1      | 871 ||| Stepping ~*~*~tactically~*~*~ (hiding).
   973 | D:1      | 973 ||| Stepping ~*~*~tactically~*~*~ (hiding).
  1075 | D:1      | 1075 ||| Stepping ~*~*~tactically~*~*~ (hiding).
  1177 | D:1      | 1177 ||| Stepping ~*~*~tactically~*~*~ (hiding).
  1279 | D:1      | 1279 ||| Stepping ~*~*~tactically~*~*~ (hiding).
  1381 | D:1      | 1381 ||| Stepping ~*~*~tactically~*~*~ (hiding).
  1390 | D:1      | 1390 ||| CASTING Summon Small Mammal
  1391 | D:1      | 1391 ||| CASTING Summon Small Mammal
  1392 | D:1      | 1392 ||| CASTING Summon Small Mammal
  1474 | D:1      | 1474 ||| CASTING Summon Small Mammal
  1475 | D:1      | 1475 ||| CASTING Summon Small Mammal
  1476 | D:1      | 1476 ||| CASTING Summon Small Mammal
  1530 | D:1      | 1530 ||| SWAPPING to +0 club.
  1531 | D:1      | 1531 ||| DROPPING +0 dagger.
  1562 | D:1      | 1562 ||| CASTING Summon Small Mammal
  1563 | D:1      | 1563 ||| CASTING Summon Small Mammal
  1564 | D:1      | 1564 ||| CASTING Summon Small Mammal
  1601 | D:1      | 1601 ||| CASTING Summon Small Mammal
  1602 | D:1      | 1602 ||| CASTING Summon Small Mammal
  1603 | D:1      | 1603 ||| CASTING Summon Small Mammal
  1640 | D:1      | 1640 ||| SWAPPING to +0 short sword.
  1641 | D:1      | 1641 ||| DROPPING +0 club.
  1643 | D:1      | 1643 ||| Stepping ~*~*~tactically~*~*~ (hiding).
  1647 | D:1      | 1647 ||| Stepping ~*~*~tactically~*~*~ (hiding).
  1650 | D:1      | 1650 ||| CASTING Summon Small Mammal
  1651 | D:1      | 1651 ||| CASTING Summon Small Mammal
  1652 | D:1      | 1652 ||| CASTING Summon Small Mammal
  1693 | D:1      | 1693 ||| SWAPPING to +0 spear.
  1694 | D:1      | 1694 ||| DROPPING +0 short sword.
  1722 | D:1      | 1722 ||| CASTING Summon Small Mammal
  1723 | D:1      | 1723 ||| CASTING Summon Small Mammal
  1724 | D:1      | 1724 ||| CASTING Summon Small Mammal
  1760 | D:1      | 1760 ||| CASTING Summon Small Mammal
  1761 | D:1      | 1761 ||| CASTING Summon Small Mammal
  1762 | D:1      | 1762 ||| CASTING Summon Small Mammal
  1799 | D:1      | 1799 ||| CASTING Summon Small Mammal
  1800 | D:1      | 1800 ||| CASTING Summon Small Mammal
  1801 | D:1      | 1801 ||| CASTING Summon Small Mammal
  1809 | D:1      | Reached XP level 3. HP: 28/28 MP: 0/4
  1866 | D:1      | 1866 ||| CASTING Summon Small Mammal
  1867 | D:1      | 1867 ||| CASTING Summon Small Mammal
  1868 | D:1      | 1868 ||| CASTING Summon Small Mammal
  1869 | D:1      | 1869 ||| CASTING Summon Small Mammal
  2089 | D:1      | 2089 ||| READING 3 scrolls labelled LUAXKE EMOIC.
  2093 | D:1      | 2093 ||| READING scroll labelled BEUDUM ZUHASM.
  2094 | D:1      | 2094 ||| DROPPING potion of magic.
  2113 | D:2      | 2113 ||| CASTING Summon Small Mammal
  2114 | D:2      | 2114 ||| STAIRDANCE
  2126 | D:2      | 2126 ||| CASTING Summon Small Mammal
  2127 | D:2      | 2127 ||| CASTING Summon Small Mammal
  2128 | D:2      | 2128 ||| CASTING Summon Small Mammal
  2129 | D:2      | 2129 ||| CASTING Summon Small Mammal
  2132 | D:2      | 2132 ||| STAIRDANCE
  2289 | D:2      | 2289 ||| CASTING Summon Small Mammal
  2290 | D:2      | 2290 ||| CASTING Summon Small Mammal
  2291 | D:2      | 2291 ||| CASTING Summon Small Mammal
  2292 | D:2      | 2292 ||| CASTING Summon Small Mammal
  2299 | D:2      | 2299 ||| Stepping ~*~*~tactically~*~*~ (reaching).
  2300 | D:2      | 2300 ||| CASTING Summon Small Mammal
  2302 | D:2      | 2302 ||| Stepping ~*~*~tactically~*~*~ (reaching).
  2304 | D:2      | 2304 ||| Stepping ~*~*~tactically~*~*~ (reaching).
  2306 | D:2      | 2306 ||| Stepping ~*~*~tactically~*~*~ (reaching).
  2307 | D:2      | 2307 ||| Stepping ~*~*~tactically~*~*~ (reaching).
  2309 | D:2      | 2309 ||| Stepping ~*~*~tactically~*~*~ (reaching).
  2310 | D:2      | 2310 ||| Stepping ~*~*~tactically~*~*~ (reaching).
  2311 | D:2      | 2311 ||| CASTING Summon Small Mammal
  2312 | D:2      | 2312 ||| Stepping ~*~*~tactically~*~*~ (reaching).
  2314 | D:2      | 2314 ||| Stepping ~*~*~tactically~*~*~ (reaching).
  2315 | D:2      | 2315 ||| Stepping ~*~*~tactically~*~*~ (reaching).
  2317 | D:2      | 2317 ||| Stepping ~*~*~tactically~*~*~ (reaching).
  2381 | D:2      | 2381 ||| CASTING Summon Small Mammal
  2382 | D:2      | 2382 ||| CASTING Summon Small Mammal
  2383 | D:2      | 2383 ||| CASTING Summon Small Mammal
  2384 | D:2      | 2384 ||| CASTING Summon Small Mammal
  2425 | D:2      | Noticed a necrophage
  2426 | D:2      | 2426 ||| CASTING Summon Small Mammal
  2427 | D:2      | 2427 ||| CASTING Summon Small Mammal
  2428 | D:2      | 2428 ||| CASTING Summon Small Mammal
  2429 | D:2      | 2429 ||| CASTING Summon Small Mammal
  2437 | D:2      | 2437 ||| CASTING Summon Small Mammal
  2441 | D:2      | HP: 7/28 [necrophage (2)]
  2442 | D:2      | 2442 ||| READING 2 scrolls of teleportation.
  2442 | D:2      | Slain by a necrophage

Levels and vault maps discovered:
D:1:      elethiomel_arrival_infinity_welcomes_careful_drivers, layout_basic
D:2:      minmay_chambers_of_ones, layout_basic, serial_shops, shop,
          minmay_distorted, uniq_terence

Skill      XL: |  1  2  3 |
---------------+----------+-----
Axes           | 1 2 |  2.0
Fighting       | 1 |  1.5
Dodging        | |  1.7
Stealth        | |  2.1
Spellcasting   | |  1.7
Summonings     | |  3.6

Action                   || total
-------------------------++-------
Melee: Unarmed           ||    27
       Spear             ||    37
       Dagger            ||     9
       Short sword       ||     3
       Club              ||     2
 Cast: Summon Small Mamm ||    68
  Use: Scroll            ||     3
Armor: Robe              ||    14
Dodge: Dodged            ||    42

Table legend:
 A = Non-vault XP
 B = Vault XP
 C = Vault XP percentage of total XP
 D = Non-vault monster count
 E = Vault monster count
 F = Vault count percentage of total count
                 A         B        C        D         E       F
            +---------+---------+-------+---------+---------+-------
      Total |      44 |       0 |   0.0 |      23 |       0 |   0.0
            +---------+---------+-------+---------+---------+-------
        D:1 |      36 |       0 |   0.0 |      20 |       0 |   0.0
        D:2 |       8 |       0 |   0.0 |       3 |       0 |   0.0
            +---------+---------+-------+---------+---------+-------
